Map: Port Aleksander LE

Players

zuka - Winner!

  • Race: Protoss Protoss
  • League: Diamond
  • Spawn Location: 11:00

Temix

  • Race: Zerg Zerg
  • League: Platinum
  • Spawn Location: 5:00

VOD

Have the link to the VOD?

Description

Time

  • Played on: March 30, 2019, 9:34 a.m.
  • Length: 7:50
Show
View Real Time Build Order
Export as new Build Order

zuka Protoss - Winner!

Build Orders: 1 Gate Expand, Zealot Archon, Archon Drop, Dark Templar Rush 

Get SALT Encoding   

  12  0:01  Probe  
  13  0:13  Probe  
  14  0:22  Pylon  
  14  0:23  Probe  
  15  0:36  Probe  
  16  0:44  Gateway  
  16  0:47  Probe  
  17  0:52  Assimilator  
  17  0:59  Probe  
  18  1:09  Probe  
  18  1:10  Forge  
  18  1:17  Probe  
  19  1:32  Nexus  
  19  1:41  Cybernetics Core  
  19  1:44  Probe  
  20  1:51  Assimilator  
  20  1:56  Probe  
  20  1:59  Pylon  
  21  2:07  Adept  
  21  2:08  Probe  
  22  2:18  Warp Gate  
  22  2:21  Probe  
  25  2:33  Twilight Council, Probe  
  26  2:44  Stalker  
  26  2:45  Probe  
  26  2:48  Probe  
  30  2:57  Probe  
  31  3:00  Probe  
  31  3:04  Robotics Facility  
  32  3:09  Probe  
  33  3:13  Probe  
  34  3:21  Probe  
  34  3:25  Probe  
  36  3:32  Gateway  
  36  3:33  Probe  
  37  3:35  Probe  
  38  3:41  Dark Shrine, Probe  
  38  3:43  Probe  
  38  3:47  Adept  
  42  3:49  Probe  
  43  3:57  Warp Prism  
  43  3:59  Gateway x2  
  43  4:00  Probe  
  46  4:11  Pylon  
  46  4:14  Assimilator  
  46  4:23  Pylon  
  46  4:29  Probe x2  
  48  4:38  Nexus  
  48  4:42  Probe  
  50  4:52  Pylon  
  50  4:54  Probe  
  50  4:58  Dark Templar  
  50  4:59  Dark Templar x3  
  58  5:01  Probe  
  58  5:02  Immortal  
  64  5:17  Assimilator  
  63  5:24  Probe x2  
  63  5:27  Charge  
  65  5:36  Probe  
  65  5:40  Immortal, Pylon  
  65  5:42  Archon x2  
  66  5:44  Probe  
  66  5:46  Forge  
  66  5:48  Probe  
  72  5:51  Pylon, Probe  
  72  5:56  Probe  
  74  6:00  Probe  
  75  6:05  Probe  
  75  6:08  Probe  
  77  6:13  Probe  
  77  6:17  Probe  
  79  6:19  Immortal  
  79  6:20  Probe  
  79  6:25  Probe  
  81  6:29  Probe  
  81  6:32  Probe  
  87  6:33  Zealot x4  
  87  6:37  Pylon, Probe  
  96  6:42  Photon Cannon  
  97  6:48  Gateway  
  97  6:50  Gateway  
  96  6:54  Pylon  
  96  6:56  Dark Templar  
  96  6:57  Dark Templar  
  100  7:02  Dark Templar x2  
  100  7:03  Archon  
  104  7:09  Archon  
  104  7:13  Pylon  
  104  7:17  Gateway  
  104  7:20  Gateway  
  104  7:23  Pylon  
  104  7:33  Zealot x2  
  104  7:34  Zealot x2  
Show
View Real Time Build Order
Export as new Build Order

Temix Zerg 

Build Orders: Hatch First 

Get SALT Encoding   

  12  0:01  Drone  
  13  0:10  Drone  
  14  0:18  Overlord  
  14  0:36  Drone x2  
  14  0:37  Drone  
  17  0:47  Drone  
  18  1:01  Hatchery  
  18  1:02  Drone  
  18  1:10  Drone  
  19  1:25  Drone  
  20  1:31  Spawning Pool  
  19  1:47  Extractor  
  19  1:50  Hatchery  
  19  1:53  Drone  
  18  1:56  Drone  
  19  2:06  Overlord  
  19  2:14  Drone  
  20  2:16  Drone x2  
  20  2:20  Queen  
  24  2:31  Zergling x2  
  24  2:33  Queen  
  27  2:39  Zergling x2  
  27  2:41  Drone  
  27  2:43  Drone  
  30  2:49  Drone  
  31  2:55  Metabolic Boost  
  31  3:00  Queen  
  31  3:03  Drone  
  31  3:05  Drone  
  35  3:07  Drone  
  36  3:28  Overlord  
  36  3:29  Overlord  
  36  3:30  Drone x2  
  36  3:31  Drone x4  
  42  3:40  Overlord  
  42  3:46  Queen, Overlord  
  44  3:59  Drone x3  
  44  4:00  Drone x5  
  52  4:20  Zergling x8  
  52  4:21  Zergling x14  
  52  4:22  Zergling x2  
  64  4:30  Lair  
  64  4:35  Evolution Chamber  
  64  4:36  Evolution Chamber  
  62  4:41  Spore Crawler  
  61  4:56  Spore Crawler  
  61  4:57  Spine Crawler  
  59  5:01  Spore Crawler  
  59  5:02  Extractor  
  59  5:03  Drone x3  
  59  5:04  Drone x6  
  66  5:20  Spine Crawler  
  66  5:21  Extractor  
  62  5:29  Pneumatized Carapace, Overseer  
  59  5:39  Extractor  
  58  5:50  Hatchery  
  58  5:55  Zerg Missile Weapons Level 1  
  57  6:00  Spore Crawler  
  51  6:38  Spore Crawler  
  50  6:54  Hatchery  
  50  6:58  Roach Warren  
  48  7:01  Hydralisk Den  
  48  7:03  Drone x6  
  48  7:04  Drone x7  
  48  7:05  Drone x4  
  64  7:10  Drone  
Tags
 
Add a new tag
Caveats
  • Supply blocks, unpowered buildings, or Contaminate may cause inaccurate times.
  • Supply counts are checked every 10 seconds.